 Dungeon Crawl Stone Soup version 0.25.1-8-g42b30a86e7 (webtiles) character file.

Game seed: 15461106476166227964

199 Gabide the Ruffian (level 5, 0/43 (46) HPs)
             Began as a Ghoul Monk on Dec 13, 2020.
             Was a Believer of Ashenzari.
             Slain by a worker ant (6 damage)
             ... on level 4 of the Dungeon.
             The game lasted 00:08:38 (3976 turns).

Gabide the Ruffian (Ghoul Monk)                     Turns: 3976, Time: 00:08:39

HP:   0/43 (46)     AC:  5    Str: 16    XL:     5   Next: 77%
MP:   4/4           EV: 11    Int:  5    God:    Ashenzari [**....]
Gold: 195           SH:  0    Dex: 11    Spells: 4/4 levels left

rFire    . . .     SeeInvis .     - Unarmed
rCold    + . .     Gourm    .   (no shield)
rNeg     + + +     Faith    .   i - +0 ring mail
rPois    ∞         Spirit   .   (no helmet)
rElec    .         Reflect  .   (no cloak)
rCorr    .         Harm     .   (no gloves)
MR       .....                  (no boots)
Stlth    +.........             n - amulet of magic regeneration
HPRegen  0.00/turn              f - ring of wizardry
MPRegen  0.34/turn              (no ring)

@: rotting
A: rotting body, claws 1, carnivore, cold resistance 1, negative energy
resistance 3, inhibited regeneration, torment resistance, unbreathing
a: Curse Item, Scrying, Renounce Religion


You were on level 4 of the Dungeon.
You worshipped Ashenzari.
Ashenzari was pleased with you.
You were not hungry.

You visited 1 branch of the dungeon, and saw 4 of its levels.

You collected 195 gold pieces.

Inventory:

Missiles
 m - 2 datura-tipped darts (quivered)
 r - a boomerang
Armour
 a - a +0 robe
 d - a scarf of harm
 i - a +0 ring mail (worn)
 l - a +0 helmet
 s - a +0 buckler
Jewellery
 f - a ring of wizardry (left claw)
 n - an amulet of magic regeneration (around neck)
Scrolls
 g - 2 scrolls of enchant weapon
 o - 3 scrolls of identify
 p - a scroll of remove curse
Potions
 c - a potion of brilliance {unknown}
 e - a potion of flight
 h - a potion of magic {unknown}
 j - 4 potions of curing {unknown}
 k - a potion of haste {unknown}
 q - a potion of resistance {unknown}
Comestibles
 b - 9 rations


   Skills:
 + Level 3.6 Fighting
 + Level 0.7 Throwing
 + Level 1.1 Armour
 + Level 3.1 Dodging
 + Level 2.5 Stealth
 * Level 5.8 Unarmed Combat


You had 4 spell levels left.
You didn't know any spells.
Your spell library was empty.

Dungeon Overview and Level Annotations

Branches:
Dungeon (4/15)
 Temple: D:4-7

Altars:
Ashenzari

Annotations:
D:4 Eustachio, Pikel


Innate Abilities, Weirdness & Mutations

Your body is rotting away.
You thrive on raw meat.
You are immune to poison.
You have sharp fingernails.
You are carnivorous and can eat meat at any time.
Your flesh is cold resistant. (rC+)
You are immune to negative energy. (rN+++)
You do not regenerate when monsters are visible.
You are immune to unholy pain and torment.
You can survive without breathing.


Message History

Press: ? - help, Shift-Dir - straight line, f - Pikel
Aim: Pikel, wielding a +0 whip of flaming and wearing a +0 robe (chance to frenzy on hit: 35%)
You throw a datura-tipped dart.
The datura-tipped dart closely misses Pikel.
The worker ant bites you. Pikel misses you. The phantom hits you.
The phantom blinks!
Throwing (i - inventory. (/) - cycle)
m - 3 datura-tipped darts (quivered)
Press: ? - help, Shift-Dir - straight line, f/p - Pikel
Aim: Pikel, wielding a +0 whip of flaming and wearing a +0 robe (chance to frenzy on hit: 35%)
You throw a datura-tipped dart. The datura-tipped dart hits Pikel.
Pikel flies into a frenzy!
Pikel hits the slave with a +0 whip of flaming!
Pikel burns the slave.
The worker ant bites you but does no damage.
The slave misses Pikel.
Pikel hits the slave with a +0 whip of flaming.
Pikel burns the slave.
Pikel barely misses the slave.
The slave hits you!
* * * LOW HITPOINT WARNING * * *
The worker ant bites you.
You die...

####......# * *
...+......# ,, , ,
##.#......########## ,
##.................# ,
...................# , ,
##.................#,,,
., ..........#####.####,
... ..........#
##.####..... ..........#
#..@a.p..... ,
..........# *#.#.pKp.....
,
^.........#*#..#.........
,
..........##..###..#.....
..........#..# ##.......
, , ...# , #...W.. , # ,
, ..# ,, #..##. * ,. , *
, #.. , ,. , , * , .


You could see a phantom, 3 slaves, a worker ant and the neutral Pikel (fast,
strong, insane).

Vanquished Creatures
  A hound (D:4)
  A worker ant (D:3)
  4 gnolls (D:3)
  2 adders
  2 oozes
  A worm (D:2)
  2 dart slugs
  2 leopard geckos
  6 orcs
  2 giant cockroaches (D:3)
  7 goblins
  8 hobgoblins
  2 quokkas (D:3)
  7 bats
  6 frilled lizards
  6 kobolds
  11 rats
70 creatures vanquished.

Notes
Turn   | Place    | Note
-------+----------+-------------------------------------------
     0 | D:1      | Gabide the Ghoul Monk began the quest for the Orb.
     0 | D:1      | Reached XP level 1. HP: 19/19 MP: 0/0
   473 | D:1      | Reached XP level 2. HP: 19/26 MP: 1/1
  1123 | D:1      | Reached skill level 4 in Unarmed Combat
  1146 | D:1      | Reached XP level 3. HP: 31/31 MP: 2/2
  1521 | D:2      | Found a shattered altar of Ashenzari.
  1653 | D:2      | Became a worshipper of Ashenzari the Shackled
  1653 | D:2      | Reached * piety under Ashenzari
  1653 | D:2      | Reached ** piety under Ashenzari
  2154 | D:3      | Reached XP level 4. HP: 31/38 MP: 3/3
  2593 | D:3      | Reached skill level 5 in Unarmed Combat
  2967 | D:3      | Reached XP level 5. HP: 44/44 MP: 4/4
  3133 | D:3      | Reached skill level 1 in Armour
  3631 | D:4      | Noticed an ogre
  3632 | D:4      | Noticed Eustachio
  3964 | D:4      | Noticed a phantom
  3967 | D:4      | Noticed Pikel
  3967 | D:4      | Noticed a slave
  3968 | D:4      | Noticed a slave
  3969 | D:4      | Noticed a slave
  3971 | D:4      | Noticed a slave
  3976 | D:4      | Slain by a worker ant

Illustrated notes

Levels and vault maps discovered:
D:1:      matt_arrival_grand_opening, layout_basic, st_stairs_14,
          minmay_close_crescents
D:2:      layout_loops_ring, marbit_many_paths
D:3:      layout_basic, minmay_misc_feat_chi
D:4:      layout_basic, tso_metal_star, lemuel_crystal_altar, kennysheep_mini,
          uniq_pikel, uniq_eustachio

Skill      XL: |  1  2  3  4  5 |
---------------+----------------+-----
Dodging        | 3 |  3.1
Unarmed Combat | 4 5 |  5.8
Armour         | 1 |  1.1
Fighting       | |  3.6
Throwing       | |  0.7
Stealth        | |  2.5

Action                   |  1- 3 |  4- 6 || total
-------------------------+-------+-------++-------
Melee: Unarmed           |   104 |   101 ||   205
       Punch             |     1 |     3 ||     4
Throw: Stone             |    27 |     2 ||    29
       Boomerang         |       |     9 ||     9
       Dart              |       |     2 ||     2
  Use: Scroll            |     5 |     3 ||     8
 Stab: Sleeping          |     3 |     3 ||     6
  Eat: Chunk             |     3 |     7 ||    10
       Ration            |       |     1 ||     1
Armor: Robe              |     3 |       ||     3
       Ring mail         |    18 |    29 ||    47
Dodge: Dodged            |    58 |    45 ||   103
